 Seeded DCSS version 0.27-a0-1456-gf5a116941d (webtiles) character file.

Game seed: 20210706 (custom seed)

92 muata the Ruffian (level 4, 0/40 HPs)
             Began as a Ghoul Monk on July 7, 2021.
             Slain by a goblin (2 damage)
             ... on level 3 of the Dungeon.
             The game lasted 00:04:10 (2793 turns).

muata the Ruffian (Ghoul Monk)                      Turns: 2793, Time: 00:04:11

Health: 0/40       AC:  2    Str: 14    XL:     4   Next: 60%
Magic:  3/3        EV: 12    Int:  5    God:
Gold:   79         SH:  0    Dex: 12    Spells: 3/3 levels left

rFire    . . .     SeeInvis .     - Unarmed
rCold    + . .     Faith    .   (no shield)
rNeg     + + +     Spirit   .   a - +0 robe
rPois    ∞         Reflect  .   (no helmet)
rElec    .         Harm     .   (no cloak)
rCorr    .         Rampage  .   (no gloves)
Will     .....                  (no boots)
Stlth    ++........             (no amulet)
HPRegen  0.00/turn              (no ring)
MPRegen  0.08/turn              (no ring)

@: no status effects
A: claws 1, cold resistance 1, negative energy resistance 3, inhibited
regeneration, torment resistance 2
a: no special abilities


You were on level 3 of the Dungeon.
You visited 1 branch of the dungeon, and saw 3 of its levels.

You collected 79 gold pieces.

Inventory:

Missiles
 b - 31 poisoned darts (quivered)
Armour
 a - a +0 robe (worn)
Scrolls
 d - a scroll of summoning {unknown}
 e - 2 scrolls of identify {unknown}
 f - a scroll of torment {unknown}
 g - a scroll of amnesia {unknown}
Potions
 c - a potion of heal wounds {unknown}


   Skills:
 + Level 4.0 Fighting
 + Level 3.3 Dodging
 - Level 2.1 Stealth
 + Level 4.6 Unarmed Combat


You had 3 spell levels left.
You didn't know any spells.
Your spell library contained the following spells:

 Spells                   Type           Power      Damage    Failure   Level
 Airstrike                Air            0%         N/A       99%         4
 Summon Lightning Spire   Summ/Air       0%         N/A       99%         4
 Lightning Bolt           Conj/Air       0%         1d11      100%        5


Dungeon Overview and Level Annotations

Branches:
Dungeon (3/15)

Altars:

Portals:
Abyss: D:3

Annotations:
D:3 barkas's ghost, amateur NaMo


Innate Abilities, Weirdness & Mutations

You thrive by killing the living.
You are immune to poison.
You have sharp fingernails.
Your flesh is cold resistant. (rC+)
You are immune to negative energy. (rN+++)
You do not regenerate when monsters are visible.
You are immune to unholy pain and torment.


Message History

You kill the bat!
Done exploring.
Done exploring.
There is a stone staircase leading down here.
You climb downwards.
An iguana, a ball python and a goblin come into view.
Barkas's ghost turns its malevolent gaze towards you.
The goblin shouts!
You hear a bark!
You hear a shout!
The ball python hisses angrily.
Found 13 gold pieces.
Found a one-way gate to the infinite horrors of the Abyss.
There is a stone staircase leading up here.
The ball python bites you but does no damage.
The ball python grabs you. The ball python constricts you.
You scratch the ball python but do no damage.
The ball python bites you. The ball python constricts you.
You scratch the ball python.
You kill the ball python!
A goblin comes into view. It is wielding a +0 dagger.
There is a stone staircase leading up here.
The kobold brigand shouts!
You claw the goblin!
You kill the goblin!
You feel better.
You barely miss the goblin. The iguana barely misses you.
You barely miss the goblin. The goblin hits you with a +0 dagger.
The iguana hisses menacingly.
The iguana bites you!
You scratch the goblin but do no damage.
The iguana bites you. The goblin barely misses you.
You barely miss the iguana. The goblin misses you. The iguana bites you!
A jackal comes into view.
You barely miss the iguana. The goblin barely misses you. The iguana bites you!
* * * LOW HITPOINT WARNING * * *
You closely miss the iguana. The goblin hits you but does no damage.
The iguana bites you.
* * * LOW HITPOINT WARNING * * *
You scratch the iguana but do no damage.
The goblin hits you with a +0 dagger.
You die...

....... .$....h
...... ## ≈
..... .###≈≈ #
#... #......
♣#.##.. .......
♣...#.g#......≈
#♣..@l....≈.
#.........≈.
#...†......≈
#....#........
8#....#.....≈≈.
∩##...#....≈..≈
##. #....≈...
#. ......≈≈.
#.#....≈≈


You could see a toenail golem, an iguana, a jackal and a goblin.

Vanquished Creatures
  Terence (D:2)
  2 adders (D:2)
  4 ball pythons
  3 endoplasms (D:1)
  3 giant cockroaches (D:2)
  5 goblins
  4 hobgoblins
  6 kobolds
  3 quokkas (D:2)
  3 bats
  5 frilled lizards
  6 rats
45 creatures vanquished.

Notes
Turn   | Place    | Note
-------+----------+-------------------------------------------
     0 | D:1      | muata the Ghoul Monk began the quest for the Orb.
     0 | D:1      | Reached XP level 1. HP: 19/19 MP: 0/0
   143 | D:1      | Reached XP level 2. HP: 24/26 MP: 1/1
   308 | D:1      | Found a faded altar of an unknown god.
  1311 | D:2      | Reached XP level 3. HP: 33/33 MP: 2/2
  2015 | D:2      | Noticed Terence
  2029 | D:2      | Killed Terence
  2030 | D:2      | Reached XP level 4. HP: 5/40 MP: 3/3
  2779 | D:3      | Found a one-way gate to the infinite horrors of the Abyss.
  2779 | D:3      | Noticed barkas's ghost (amateur NaMo)
  2782 | D:3      | Noticed a kobold brigand
  2787 | D:3      | Noticed a toenail golem
  2792 | D:3      | HP: 2/40 [iguana (2)]
  2793 | D:3      | Slain by a goblin

Illustrated notes

Levels and vault maps discovered:
D:1:      minmay_arrival_cross, layout_loops_corners,
          shapermc_ecumenical_altar_gd
D:2:      layout_basic, kennysheep_generic_room_14, uniq_terence
D:3:      cheibrodos_helix_gallery, layout_basic, gammafunk_ghost_abyssal_escape

Skill      XL: |  1  2  3 |
---------------+----------+-----
Dodging        | 3 |  3.3
Unarmed Combat | 4 |  4.6
Fighting       | 4 |  4.0
Stealth        | |  2.1

Action                   |  1- 3 |  4- 6 || total
-------------------------+-------+-------++-------
Melee: Unarmed           |   111 |    28 ||   139
       Punch             |       |     1 ||     1
 Stab: Sleeping          |     4 |     1 ||     5
Armor: Robe              |    12 |     4 ||    16
Dodge: Dodged            |    55 |    14 ||    69

Table legend: (Time is in decaauts)
 A = Elapsed time spent in this place.
 B = Non-inter-level travel time spent in this place.
 C = Inter-level travel time spent in this place.
 D = Time resting spent in this place.
 E = Time spent auto-exploring this place.
 F = Levels seen in this place.
 G = Mean time per level.
                   A        B        C        D        E       F      G
               +--------+--------+--------+--------+--------+-----+--------+
         Total |   2781 |   2700 |     81 |    367 |   1927 |   3 |  927.0 |
       Dungeon |   2781 |   2700 |     81 |    367 |   1927 |   3 |  927.0 |
               +--------+--------+--------+--------+--------+-----+--------+

Top non-repeatable levels by time:
     D:2: 1474 daAuts
     D:1: 1293 daAuts
     D:3: 13 daAuts
